 Dungeon Crawl Stone Soup version 0.31-a0-845-g9abc20d24f (webtiles) character file.

Game seed: 13376008027753729323

19905 Nattfarinn the Fighter (level 12, -2/169 (195) HPs)
             Began as a Troll Shapeshifter on Oct 2, 2023.
             Was an Elder of Cheibriados.
             Slain by a pharaoh ant (5 damage)
             ... on level 2 of the Lair of Beasts.
             The game lasted 00:24:46 (11389 turns).

Nattfarinn the Fighter (Troll Shapeshifter)        Turns: 11389, Time: 00:24:48

HP:   -2/169 (195)  AC: 30    Str: 38    XL:     12   Next: 40%
MP:   11/11         EV:  1    Int: 15    God:    Cheibriados [****..]
Gold: 817           SH: 16    Dex: 18    Spells: 11/11 levels left

rFire   . .          .
                       - Unarmed
rCold   . . .        i - +0 kite shield
rNeg    . . .        o - melded +4 ice dragon scales
rPois   +            (helmet currently unavailable)
rElec   .            (cloak currently unavailable)
rCorr   .            (gloves unavailable)
SInv    +            (boots unavailable)
Will    .....        F - amulet of reflection
Stlth   ++           h - +4 ring of protection
HPRegen 1.28/turn    t - ring of see invisible
MPRegen 0.12/turn

%: reflection
@: tree-form, heavily drained, very slow
A: stationary, stasis, torment immunity, boosted hp, large, unfitting armour,
(claws 3), regeneration 1, (shaggy fur 1), (tough skin 1)
a: Renounce Religion, Bend Time, Temporal Distortion, Slouch


You were on level 2 of the Lair of Beasts.
You worshipped Cheibriados.
Cheibriados was greatly pleased with you.
You were a tree.
You visited 3 branches of the dungeon, and saw 13 of its levels.
You also visited: Sewer.

You collected 817 gold pieces.

Inventory:

Missiles
 H - 5 curare-tipped darts
Armour
 a - a +0 animal skin
 g - the +4 hat "Tyrhir" {-Tele Harm rF+++ rC++}
   (You found it on level 6 of the Dungeon)

   rF+++:     It renders you almost immune to fire.
   rC++:      It greatly protects you from cold.
   -Tele:     It prevents most forms of teleportation.
   Harm:      It increases damage dealt and taken.
 i - a +0 kite shield (worn)
 o - +4 ice dragon scales (melded)
Jewellery
 h - a +4 ring of protection (left branch)
 l - a ring of magical power
 t - a ring of see invisible (right branch)
 C - a ring of resist corrosion
 F - an amulet of reflection (around neck)
 I - a +5 ring of evasion
Talismans
 d - a flux talisman
 k - a beast talisman
Wands
 c - a wand of polymorph (8)
 w - a wand of flame (22)
 y - a wand of paralysis (6)
 E - a wand of roots (2)
Scrolls
 e - a scroll of fog
 f - 2 scrolls of fear {unknown}
 m - 4 scrolls of vulnerability
 q - 3 scrolls of revelation
 u - 2 scrolls of identify
 v - a scroll of amnesia
 x - 5 scrolls of teleportation
 D - a scroll of poison {unknown}
 G - a scroll of brand weapon {unknown}
Potions
 b - 3 potions of lignification
 j - 3 potions of attraction
 n - 4 potions of haste
 p - 7 potions of curing
 r - a potion of might {unknown}
 s - a potion of mutation {unknown}
 z - a potion of heal wounds {unknown}
 A - 2 potions of brilliance {unknown}
 B - a potion of berserk rage {unknown}


   Skills:
 - Level 11.1 Fighting
 - Level 1.5 Dodging
 - Level 8.3 Shields
 - Level 7.7 Unarmed Combat
 + Level 11.0 Shapeshifting


You had 11 spell levels left.
You didn't know any spells.
Your spell library contained the following spells:

 Spells                   Type           Power      Damage    Failure   Level
 Magic Dart               Conj           0%         1d3       38%         1
 Sandblast                Erth           0%         2d4       38%         1
 Slow                     Hex            0%         N/A       38%         1
 Call Imp                 Summ           0%         N/A       52%         2
 Lesser Beckoning         Tloc           0%         N/A       52%         2
 Passwall                 Tmut/Erth      0%         N/A       52%         2
 Wereblood                Tmut           0%         N/A       52%         2
 Confusing Touch          Hex            0%         N/A       77%         3
 Frozen Ramparts          Ice            0%         1d1       77%         3
 Gell's Gravitas          Tloc           0%         N/A       77%         3
 Mephitic Cloud           Conj/Pois/Air  0%         N/A       77%         3
 Ozocubu's Armour         Ice            0%         N/A       77%         3
 Sigil of Binding         Hex            0%         N/A       77%         3
 Stone Arrow              Conj/Erth      0%         3d7       77%         3
 Teleport Other           Tloc           0%         N/A       77%         3
 Vampiric Draining        Necr           0%         2d6       77%         3
 Brom's Barrelling Bould  Conj/Erth      0%         2d3       99%         4
 Leda's Liquefaction      Hex/Erth       0%         N/A       99%         4
 Petrify                  Tmut/Erth      0%         N/A       99%         4
 Irradiate                Conj/Tmut      0%         3d11      100%        5
 Lee's Rapid Deconstruct  Erth           0%         3d4*      100%        5
 Metabolic Englaciation   Hex/Ice        0%         N/A       100%        5
 Bombard                  Conj/Erth      0%         9d1       100%        6
 Simulacrum               Ice/Necr       0%         N/A       100%        6


Dungeon Overview and Level Annotations

Branches:
Dungeon (10/15)            Temple (1/1) D:7            Lair (2/5) D:10
 Spider (0/4) Lair:2          Orc (0/2) D:10          Sewer (visited)
  Swamp: Lair:2-3    Shoals: Lair:2-3

Altars:
Ashenzari
Cheibriados
Dithmenos
Elyvilon
Fedhas
Gozag
Hepliaklqana
Kikubaaqudgha
Makhleb
Nemelex Xobeh
Okawaru
Qazlal
Ru
Sif Muna
Trog
Uskayaw
Vehumet
Wu Jian
Xom
Yredelemnul
Zin
The Shining One

Shops:
D:9 *

Annotations:
D:3 1 runed translucent door, Crazy Yiuf


Innate Abilities, Weirdness & Mutations

You are a tree.
Your roots penetrate the ground, keeping you stationary.
You cannot be teleported.
You are immune to unholy pain and torment.
Your maximum health is greatly increased.
Your equipment is partially melded.
You are too large for most types of armour.
((You have claws for hands.))
Your natural rate of healing is unusually fast.
((You are covered in fur. (AC +1)))
((You have tough skin. (AC +1)))


Message History

You kill the redback!
Cheibriados appreciates the change of pace.
You feel very sick. The pharaoh ant bites you.
You feel drained.
You scratch the redback.
The redback begins to glow.
The redback is lightly wounded.
You feel very sick. The pharaoh ant bites you!
You feel drained.
You claw the redback!
The redback glows dangerously bright.
The redback is moderately wounded.
You feel very sick. The pharaoh ant bites you!!
* * * LOW HITPOINT WARNING * * *
You feel drained.
* * * LOW HITPOINT WARNING * * *
You block the redback's attack.
The tarantella touches you but does no damage.
The pharaoh ant closely misses you.
You feel better.
The redback bites you but does no damage.
The tarantella touches you but does no damage.
The pharaoh ant closely misses you. The redback bites you!
* * * LOW HITPOINT WARNING * * *
You are lethally poisoned!
The redback poisons you!
You feel better. The tarantella barely misses you.
The pharaoh ant bites you but does no damage.
The redback bites you but does no damage.
The tarantella touches you but does no damage.
Okay, then.
Okay, then.
Okay, then.
Your transformation has ended.
Your +0 kite shield unmelds from your body.
You turn into a tree.
Your +4 ice dragon scales melds into your body.
Your roots penetrate the ground.
The pharaoh ant bites you!
* * * LOW HITPOINT WARNING * * *
You feel drained.
You die...

###...P##.#.............#
#.......####...........##
##......##
#...).......####
#.......###..............#
##.......##...............
#P#.....##.............†.
####...#.#.....#.#...#P.#
#.....##...#...#...##.#
#.....♣s..##.....######
#.......sB...#.....
#......#.#.....###.
.....#..........
...#.........>..
................
P..P...#.#.....#
.......#...#..


You could see a pharaoh ant, a tarantella and a redback (heavy contam).

Vanquished Creatures
  2 hydras (Lair:2)
  The ghost of glosham the Martial Artist, a journeyman OpSh of Cheibriados (D:10)
  A two-headed ogre (D:8)
  Sonja (Lair:1)
  Maurice (D:8)
  6 elephants (Lair:2)
  Joseph (D:8)
  Jeremiah (D:8)
  5 cane toads
  A kobold demonologist (D:6)
  3 komodo dragons
  A hornet (D:9)
  A wraith (D:9)
  4 wyverns
  18 yaks
  A spriggan (Lair:1)
  4 basilisks
  Menkaure (D:6)
  A redback (Lair:2)
  An acid dragon (D:8)
  Duvessa (D:7)
  5 water moccasins
  Pargi (Sewer)
  9 orc warriors
  3 black bears
  9 ogres
  9 wolves
  A centaur (D:9)
  5 kobold brigands
  6 bullfrogs
  3 gnoll sergeants
  2 scorpions (D:5)
  Dowan (D:6)
  16 killer bees
  11 howler monkeys
  3 jellies
  10 hounds
  11 orc priests
  A gnoll bouda (D:6)
  2 sleepcaps (D:5)
  Jessica (D:2)
  2 iguanas
  12 orc wizards
  Natasha (thrice) (D:2)
  10 gnolls
  9 adders
  3 river rats (D:6)
  A white imp (D:5)
  5 worms
  5 dart slugs
  32 orcs
  10 endoplasms
  4 giant cockroaches
  6 goblins
  5 hobgoblins
  7 jackals
  11 ball pythons
  13 bats
  3 frilled lizards (D:2)
  18 kobolds
  8 rats
332 creatures vanquished.

Vanquished Creatures (collateral kills)
  A howler monkey (D:6)
1 creature vanquished.

Grand Total: 333 creatures vanquished

Notes
Turn   | Place    | Note
-------+----------+-------------------------------------------
     0 | D:1      | Nattfarinn the Troll Shapeshifter began the quest for the
                  | Orb.
     0 | D:1      | Reached XP level 1. HP: 18/18 MP: 0/0
    55 | D:1      | Reached skill level 1 in Fighting
   108 | D:1      | Reached XP level 2. HP: 27/27 MP: 1/1
   245 | D:1      | Reached XP level 3. HP: 33/33 MP: 2/2
   489 | D:2      | Noticed Natasha
   502 | D:2      | Killed Natasha
   503 | D:2      | Reached skill level 1 in Shields
   503 | D:2      | Reached XP level 4. HP: 26/41 MP: 3/3
   561 | D:2      | Identified the +10 whip of Theory {flame, Str+2 Int-5
                  | Dex+2}
   589 | D:2      | Noticed Jessica
   594 | D:2      | Killed Jessica
   719 | D:2      | Reached XP level 5. HP: 48/48 MP: 4/4
   794 | D:2      | Noticed Natasha
   800 | D:2      | Killed Natasha
  1303 | D:2      | Noticed Natasha
  1309 | D:2      | Killed Natasha
  2059 | D:3      | Found a runed translucent door.
  2060 | D:3      | Noticed Crazy Yiuf
  2178 | D:4      | Reached skill level 5 in Unarmed Combat
  2178 | D:4      | Reached XP level 6. HP: 53/55 MP: 5/5
  2784 | D:5      | Entered Level 5 of the Dungeon
  2878 | D:5      | Found a shadowy altar of Dithmenos.
  2894 | D:5      | Reached XP level 7. HP: 62/62 MP: 6/6
  3036 | D:5      | Reached skill level 5 in Shields
  3749 | D:6      | Noticed Dowan
  3750 | D:6      | Noticed Duvessa
  3772 | D:6      | Found a radiant altar of Vehumet.
  3882 | D:6      | Reached XP level 8. HP: 70/70 MP: 7/7
  3904 | D:6      | Found a glowing drain.
  3913 | Sewer    | Entered a sewer
  3945 | Sewer    | Noticed Pargi
  3953 | Sewer    | Killed Pargi
  3967 | Sewer    | Identified the +0 leather armour "Guun" {Fly rF+ Int+4}
  4249 | D:6      | Noticed Menkaure
  4259 | D:6      | Killed Menkaure
  4626 | D:6      | Noticed a kobold demonologist
  4646 | D:6      | Noticed a smoke demon
  4761 | D:6      | Reached XP level 9. HP: 78/78 MP: 8/8
  4804 | D:6      | Killed Dowan
  4867 | D:7      | Killed Duvessa
  4978 | D:6      | Reached skill level 5 in Fighting
  5272 | D:6      | Noticed an orange demon
  5279 | D:6      | Noticed a soul eater
  5279 | D:6      | Killed a kobold demonologist
  5319 | D:6      | Identified the +4 hat "Tyrhir" {-Tele Harm rF+++ rC++}
  6056 | D:7      | Reached XP level 10. HP: 92/102 MP: 9/9
  6165 | D:7      | You fall into a shaft and drop 3 floors!
  6165 | D:10     | Entered Level 10 of the Dungeon
  6166 | D:10     | Found a staircase to the Orcish Mines.
  6396 | D:9      | Found Eqeveox's General Store.
  6404 | D:9      | Paralysed by a hornet for 1 turns
  6416 | D:8      | Noticed a two-headed ogre
  6417 | D:8      | Noticed Jeremiah
  6431 | D:8      | Killed a two-headed ogre
  6467 | D:8      | Killed Jeremiah
  6559 | D:8      | Identified the +0 pair of boots "Webbam" {*Corrode Int+5
                  | Dex+4}
  7032 | D:7      | Found a staircase to the Ecumenical Temple.
  7039 | Temple   | Found a transporter.
  7039 | Temple   | Found a transporter.
  7039 | Temple   | Found a transporter.
  7039 | Temple   | Found a transporter.
  7039 | Temple   | Entered the Ecumenical Temple
  7056 | Temple   | Became a worshipper of Cheibriados the Contemplative
  7272 | D:8      | Noticed Joseph
  7288 | D:8      | Killed Joseph
  7518 | D:8      | Noticed Maurice
  7546 | D:8      | Something stole a beast talisman
  7549 | D:8      | Something stole a ring of magical power
  7550 | D:8      | Something stole 555 gold
  7632 | D:8      | Killed Maurice
  7633 | D:8      | Reached skill level 10 in Fighting
  7884 | D:9      | Found a hazy altar of Hepliaklqana.
  7993 | D:9      | Found a glowing golden altar of the Shining One.
  8085 | D:9      | Found a basalt altar of Yredelemnul.
  8234 | D:9      | Reached * piety under Cheibriados
  8771 | D:10     | Reached XP level 11. HP: 115/118 MP: 10/10
  8837 | D:10     | Reached ** piety under Cheibriados
  8955 | D:10     | Found a large runed translucent door.
  8955 | D:10     | Found a large runed translucent door.
  9131 | D:10     | Found a staircase to the Lair.
  9686 | D:10     | Noticed glosham's ghost (journeyman OpSh)
  9698 | D:10     | Killed glosham's ghost
  9773 | Lair:1   | Entered Level 1 of the Lair of Beasts
  9863 | Lair:1   | Reached skill level 5 in Shapeshifting
  9948 | Lair:1   | Reached *** piety under Cheibriados
 10348 | Lair:1   | Noticed Sonja
 10356 | Lair:1   | Killed Sonja
 10716 | Lair:2   | Reached **** piety under Cheibriados
 10723 | Lair:2   | Reached XP level 12. HP: 128/130 MP: 11/11
 10812 | Lair:2   | Noticed a four-headed hydra
 10823 | Lair:2   | Killed a nine-headed hydra
 10824 | Lair:2   | Reached skill level 10 in Shapeshifting
 11232 | Lair:2   | Noticed a five-headed hydra
 11240 | Lair:2   | Killed an 11-headed hydra
 11380 | Lair:2   | Found a hole to the Spider Nest.
 11386 | Lair:2   | HP: 4/116 [pharaoh ant (5)]
 11389 | Lair:2   | Slain by a pharaoh ant

Illustrated notes

Levels and vault maps discovered:
D:1:      minmay_arrival_plants_in_alcoves, layout_rooms
D:2:      layout_loops_ring, serial_co_window_serial, co_window_paths_b,
          co_window_paths_b, co_window_cross_1, co_window_cross_1,
          co_window_of_opportunity_a, co_window_unsneaky_path_e,
          co_window_broadway_c, co_window_of_opportunity_c, co_window_corner_ca,
          glass_columns_b, glass_columns_a, glass_columns_b, glass_columns_c,
          uniq_jessica, uniq_natasha
D:3:      layout_loops_ring, grunt_decor_one_mirror, chequers_decorated_corner,
          uniq_crazy_yiuf_cottage
D:4:      layout_loops_ring
D:5:      layout_gridville, nicolae_dithmenos_the_darkroom, grunt_ministairs_13,
          dk_noncrumbling_4
D:6:      lemuel_castle_with_subvaults [lemuel_castle_interior_carwin_3],
          layout_basic, vehumet_altar_wand_db, lightli_sewer_entry_pipes,
          hangedman_abyss_or_decor_stagger, uniq_duvessa, uniq_menkaure
D:7:      layout_basic, temple_statues, chequers_serial_rivers_micro_a
D:8:      layout_loops_corners, uniq_joseph, uniq_jeremiah, uniq_maurice
D:9:      layout_layer_cave, lemuel_round_altar,
          nicolae_hepliaklqana_hazy_memory, overflow_temple_1_default,
          serial_shops, shop_statue, billiards_dpeg
D:10:     layout_loops_corners, lair_entry_dummy, minmay_orc_entry_temple_small,
          ebering_ghost_disaster_area, kennysheep_decorative_pillar,
          st_stairs_13
Temple:   hellmonk_temple_divided_pantheon
Lair:1:   layout_hall_layers, minivault_25, wad_woods_03, uniq_sonja
Lair:2:   layout_cave_pods, nicolae_spider_entry_lesser_pyramids,
          portal_ice_cave_entry_pillars_2, serial_forest,
          infiniplex_forest_clump_cross, infiniplex_forest_end_double,
          infiniplex_forest_clump_diagonal, infiniplex_forest_lined_3,
          infiniplex_forest_clump_curved, infiniplex_forest_clump_curved,
          infiniplex_forest_clump_large, infiniplex_forest_lined_room_,
          infiniplex_forest_clump_small

Skill      XL: |  1  2  3  4  5  6  7  8  9 10 11 12 |
---------------+-------------------------------------+-----
Fighting       | 1 7 10 11 | 11.1
Unarmed Combat | 4 5 6 7 |  7.7
Shields        | 1 2 3 4 6 8 |  8.3
Shapeshifting  | 9 11 | 11.0
Dodging        | |  1.5

Action                     |  1- 3 |  4- 6 |  7- 9 | 10-12 || total
---------------------------+-------+-------+-------+-------++-------
  Melee: Unarmed           |    77 |   133 |   336 |   548 ||  1094
         Punch             |     1 |     4 |     3 |       ||     8
  Evoke: Wand              |       |       |       |     5 ||     5
    Use: Scroll            |       |    10 |     7 |     4 ||    21
         Potion            |       |       |       |     3 ||     3
   Stab: Paralysed         |       |       |       |     3 ||     3
 Armour: Animal skin       |    55 |    28 |       |       ||    83
         Ice dragon scales |       |    55 |   283 |   463 ||   801
         Skin              |       |       |       |    12 ||    12
  Dodge: Dodged            |    25 |    39 |    93 |   142 ||   299
  Block: Kite shield       |       |       |    93 |   266 ||   359
         Other             |       |       |       |    19 ||    19
   Form: Flux              |       |       |       |     1 ||     1

Table legend: (Time is in decaauts)
 A = Elapsed time spent in this place.
 B = Non-inter-level travel time spent in this place.
 C = Inter-level travel time spent in this place.
 D = Time resting spent in this place.
 E = Time spent auto-exploring this place.
 F = Levels seen in this place.
 G = Mean time per level.
                   A        B        C        D        E       F      G
               +--------+--------+--------+--------+--------+-----+--------+
         Total |  12892 |  12087 |    805 |    525 |   9047 |  14 |  920.9 |
       Dungeon |  10444 |   9730 |    714 |    508 |   7260 |  10 | 1044.4 |
        Temple |     44 |     44 |      0 |      0 |      0 |   1 |   44.0 |
          Lair |   2323 |   2233 |     90 |     17 |   1757 |   2 | 1161.5 |
         Sewer |     79 |     79 |      0 |      0 |     30 |   1 |   79.0 |
               +--------+--------+--------+--------+--------+-----+--------+

Top non-repeatable levels by time:
     D:6: 2050 daAuts
    D:10: 1564 daAuts
     D:9: 1308 daAuts
  Lair:1: 1305 daAuts
     D:8: 1239 daAuts
  Lair:2: 1018 daAuts
     D:5: 969 daAuts
     D:2: 942 daAuts
     D:3: 774 daAuts
     D:4: 645 daAuts
     D:7: 545 daAuts
     D:1: 406 daAuts
   Sewer: 79 daAuts
  Temple: 44 daAuts
